 Dungeon Crawl Stone Soup version 0.19-a0-1714-gcab94ab (webtiles) character file.

69338 Eucla the Executioner (level 15, -11/147 HPs)
             Began as a Hill Orc Gladiator on Sept 28, 2016.
             Was a High Priest of Yredelemnul.
             Mangled by a white ugly thing (34 damage)
             ... on level 14 of the Dungeon.
             The game lasted 00:35:02 (20452 turns).

Eucla the Executioner (Hill Orc Gladiator)         Turns: 20452, Time: 00:35:02

Health: -11/147    AC: 19    Str: 20    XL:     15   Next: 29%
Magic:  15/15      EV: 11    Int:  8    God:    Yredelemnul [*****.]
Gold:   75         SH:  0    Dex: 16    Spells: 0 memorised, 14 levels left

rFire  . . .     SeeInvis +     i - +9 executioner's axe (freeze)
rCold  . . .     Gourm    .     F - +6 scale mail of Fortification {Int+2}
rNeg   . . .     Faith    .     (shield currently unavailable)
rPois  +         Spirit   .     V - +2 hat {SInv}
rElec  .         Dismiss  .     I - +2 cloak {rPois}
rCorr  .         Reflect  .     (no gloves)
MR     +....     Harm     .     L - +0 pair of boots
Stlth  ..........               O - amulet of rage
                                u - +5 ring of slaying
                                B - +4 ring of slaying

@: drained
A: talons 1, dopey 1, evolution 1
a: Recall Undead Slaves, Injury Mirror, Animate Dead, Drain Life, Enslave Soul,
Renounce Religion, Evoke Berserk Rage


You were on level 14 of the Dungeon.
You worshipped Yredelemnul.
Yredelemnul was extremely pleased with you.
You were not hungry.

You visited 2 branches of the dungeon, and saw 20 of its levels.
You also visited: Ice Cave.

You collected 1416 gold pieces.
You spent 1341 gold pieces at shops.

Inventory:

Hand Weapons
 i - a +9 executioner's axe of freezing (weapon)
 m - a +2 hand axe of electrocution
Missiles
 d - 4 throwing nets (quivered)
Armour
 D - a +1 cloak of magic resistance
 F - the +6 scale mail of Fortification (worn) {Int+2}
   (You found it on level 7 of the Dungeon)

   It affects your intelligence (+2).
 I - a +2 cloak of poison resistance (worn)
 L - a +0 pair of boots (worn)
 V - a +2 hat of see invisible (worn)
Jewellery
 b - a +1 ring of evasion
 u - a +5 ring of slaying (right hand)
 A - an uncursed ring of flight
 B - a +4 ring of slaying (left hand)
 E - an uncursed ring of protection from fire
 M - an uncursed ring of protection from cold
 O - an amulet of rage (around neck)
Wands
 j - a wand of lightning (4/15)
 k - a wand of lightning (9/15)
 y - a wand of digging (16/24)
 C - a wand of acid (8/15)
 K - a wand of iceblast (8/15)
 Q - a wand of polymorph (11/24)
 X - a wand of hasting (4/9)
Scrolls
 a - a scroll of summoning
 g - 7 scrolls of remove curse
 h - a scroll of fear
 o - 4 scrolls of blinking
 p - 6 scrolls of recharging
 q - 6 scrolls of enchant armour
 s - a scroll of silence
 t - 5 scrolls of amnesia
 v - 6 scrolls of teleportation
 w - 2 scrolls of enchant weapon
 G - 5 scrolls of magic mapping
 P - a scroll of fog
Potions
 c - a potion of berserk rage
 e - a potion of brilliance
 l - 5 potions of curing
 n - 2 potions of flight
 x - 2 potions of magic
 z - a potion of resistance
 H - a potion of heal wounds
 J - a potion of degeneration
 N - a potion of haste
 S - a potion of ambrosia
 T - a potion of might
Comestibles
 f - 7 bread rations
 r - 8 meat rations


   Skills:
 + Level 17.2(16.9) Fighting
 * Level 24.9(24.5) Axes
 - Level 1.7(1.5) Throwing
 - Level 2.4(2.2) Dodging


You had 14 spell levels left.
You didn't know any spells.

Dungeon Overview and Level Annotations

Branches:
Dungeon (14/15)            Temple (0/1) D:7            Lair (6/6) D:10
 Shoals (0/4) Lair:3       Spider (0/4) Lair:3        Slime (0/5) Lair:5
    Orc (0/2) D:9          Vaults (0/5) D:13

Altars:
Ashenzari
Dithmenos
Fedhas
Gozag
Hepliaklqana
Makhleb
Okawaru
Qazlal
Xom
Yredelemnul
Jiyva

Shops:
D:10 ?:[*   D:14 ?

Portals:
Hell: Lair:6

Annotations:
Lair:5 1 runed door


Innate Abilities, Weirdness & Mutations

You have sharp toenails.
You are dopey. (Int -2)
You evolve.


Message History

There is an open door here.
The bullfrog hits you.
* * * LOW HITPOINT WARNING * * *
The bullfrog barely misses you.
The red ugly thing basks in the mutagenic energy from its kin and changes!
The bullfrog closely misses you.
There is an open door here.
The hippogriff bites you.
* * * LOW HITPOINT WARNING * * *
The hippogriff misses you. The hippogriff barely misses you.
The hippogriff barely misses you.
The hippogriff pecks you but does no damage.
The hippogriff claws you but does no damage.
Unknown command.
There is a stone staircase leading up here.
You fail to use your ability.
The white ugly thing pecks you.
* * * LOW HITPOINT WARNING * * *
The white ugly thing freezes you!!
You die...
Your body rises from the dead as a mindless zombie.

##....# ####.... ####.#
##### ########'## ###
#.........# #..
#.........#### #..
#....(....'.u######..
#...F.#'#u##......'u.
#...H.'∩'.#########..
#...@u#)#.# #.. #######'###
#.. #....# ### #.#### #Z#
##Z######### #+#########
###.ZW.......#
..........###.(.)Z.......#
..........##.(#)(.......>##.


You could see 2 ugly things, a hippogriff and a bullfrog.

Vanquished Creatures
  Gastronok (D:11)
  The ghost of smazza the Nimble, an adept HaSk of Sif Muna (D:13)
  A dire elephant (Lair:6)
  Snorg (Lair:5)
  4 vault guards (D:13)
  4 hydras
  A catoblepas (D:14)
  Erica (D:8)
  5 centaur warriors
  A death knight (D:14)
  A queen ant (D:8)
  The ghost of Eucla the Carver, a novice OpGl of Ru (D:8)
  Sonja (Lair:2)
  A skeletal warrior (D:14)
  4 unseen horrors
  A wizard (Lair:6)
  3 hill giants
  Pikel (D:7)
  7 ugly things
  2 deep elf magi
  4 elephants (Lair:6)
  2 sirens (Lair:3)
  2 black mambas
  2 ice statues (IceCv)
  Psyche (D:8)
  Maurice (D:8)
  2 gargoyles (D:14)
  9 spiny frogs
  3 rime drakes
  5 komodo dragons
  5 yaktaurs (D:14)
  The ghost of plsesad the Grave Robber, a novice KoNe (D:5)
  A freezing wraith (D:14)
  4 ice devils (Lair:6)
  2 merfolk (Lair:3)
  2 trolls
  A polar bear (Lair:5)
  4 blink frogs (Lair:4)
  5 hippogriffs
  4 dream sheep (Lair:6)
  Sigmund (D:4)
  The ghost of Eucla the Ruffian, an amateur VSMo of Okawaru (D:3)
  2 wyverns
  2 wraiths
  13 yaks
  4 hogs (D:13)
  2 hungry ghosts (D:13)
  3 steam dragons
  2 basilisks
  3 hell hounds (Lair:6)
  9 soldier ants
  8 water moccasins
  8 porcupines
  8 orc warriors
  3 slaves (D:7)
  8 ice beasts
  3 black bears
  6 sky beasts
  2 wasps (D:8)
  8 ogres
  2 wolves (D:9)
  8 centaurs
  A crocodile (shapeshifter) (D:13)
  14 crocodiles
  A big kobold (D:6)
  Blork the orc (D:4)
  13 bullfrogs
  5 scorpions
  A howler monkey (D:5)
  10 wights
  An electric eel (Lair:6)
  6 crimson imps
  3 bullfrog zombies
  2 quasits
  A centaur zombie (D:7)
  5 hounds
  9 orc wizards
  3 jellies
  5 orc priests
  4 bullfrog skeletons
  8 iguanas
  Ijyb (D:2)
  25 worker ants
  10 adders
  11 gnolls
  31 river rats
  A shadow imp (D:9)
  An ooze (D:2)
  2 adder zombies
  2 worms (D:2)
  4 dart slugs
  6 leopard geckos
  42 orcs
  2 ball pythons
  9 bats
  6 giant cockroaches
  7 goblins
  7 hobgoblins
  6 jackals
  A quokka (D:3)
  9 frilled lizards
  17 kobolds
  A leopard gecko skeleton (D:4)
  7 rats
  A fungus (Lair:4)
510 creatures vanquished.

Vanquished Creatures (collateral kills)
  Kirke (D:13)
  Fannar (D:11)
  4 vault guards (D:13)
  3 hydras
  A catoblepas (Lair:4)
  A hell beast (Lair:6)
  A centaur warrior (D:13)
  An ugly thing (D:14)
  6 elephants (Lair:6)
  A black mamba (Lair:6)
  An orange demon (Lair:6)
  An ice statue (IceCv)
  3 spiny frogs
  A centaur skeleton (D:12)
  5 komodo dragons
  3 rime drakes
  A red devil (Lair:6)
  A hellwing (Lair:6)
  A troll (D:10)
  3 blink frogs (Lair:6)
  3 hippogriffs
  2 dream sheep (Lair:6)
  9 yaks
  A wyvern (Lair:6)
  Grum (D:9)
  2 water moccasins
  4 orc warriors (D:9)
  A phantom (D:10)
  2 ice beasts (IceCv)
  A necrophage (D:11)
  4 crocodiles
  3 bullfrogs
  A scorpion (D:9)
  A wyvern skeleton (D:12)
  A wight (D:11)
  4 orc priests
  An orc wizard (D:10)
  9 river rats
  An adder (D:9)
  8 orcs
  A quokka (D:12)
  A butterfly (Lair:4)
  19 fungi
  5 plants
125 creatures vanquished.

Vanquished Creatures (others)
  A flayed ghost (D:14)
  A phantasmal warrior (D:13)
  A dire elephant zombie (Lair:6)
  A black mamba zombie (Lair:6)
  8 flying skulls
  3 vampires
  A wraith (Lair:6)
  A spiny frog zombie (Lair:6)
  A slave (D:7)
  3 dream sheep zombies (Lair:6)
  A blink frog zombie (Lair:6)
  3 elephant zombies (Lair:6)
  A rime drake zombie (Lair:6)
  3 yaktaur zombies (D:14)
  2 hippogriff zombies (Lair:6)
  A hell hound zombie (Lair:6)
  A water moccasin zombie (Lair:6)
  A troll zombie (D:14)
  3 yak zombies
  2 wights (Lair:3)
  A bullfrog zombie (Lair:3)
  3 centaur zombies
  2 crocodile zombies (Lair:6)
  A mummy (D:9)
  A steam dragon zombie (D:9)
  3 orc zombies (D:9)
  7 river rat zombies
  4 fungi
  2 plants
63 creatures vanquished.

Grand Total: 698 creatures vanquished

Notes
Turn   | Place    | Note
-------+----------+-------------------------------------------
     0 | D:1      | Eucla the Hill Orc Gladiator began the quest for the Orb.
     0 | D:1      | Reached XP level 1. HP: 18/18 MP: 1/1
    86 | D:1      | Reached XP level 2. HP: 18/25 MP: 2/2
   283 | D:1      | Reached skill level 5 in Axes
   283 | D:1      | Reached XP level 3. HP: 23/31 MP: 3/3
   849 | D:2      | Noticed Ijyb
   857 | D:2      | Killed Ijyb
   857 | D:2      | Reached XP level 4. HP: 37/38 MP: 4/4
  1039 | D:2      | Reached skill level 6 in Axes
  1327 | D:2      | Found a blossoming altar of Fedhas.
  1639 | D:3      | Noticed Eucla's ghost (amateur VSMo)
  1641 | D:3      | Reached XP level 5. HP: 46/46 MP: 5/5
  1702 | D:3      | Killed Eucla's ghost
  1702 | D:3      | Reached skill level 7 in Axes
  1702 | D:3      | Reached XP level 6. HP: 6/53 MP: 6/6
  2381 | D:3      | Found an iron altar of Okawaru.
  2402 | D:3      | Found a basalt altar of Yredelemnul.
  2402 | D:3      | Found a shimmering altar of Xom.
  2404 | D:3      | Found a hazy altar of Hepliaklqana.
  2444 | D:4      | Reached skill level 5 in Fighting
  2444 | D:4      | Reached skill level 8 in Axes
  2481 | D:4      | Reached XP level 7. HP: 52/61 MP: 7/7
  2495 | D:4      | Reached skill level 9 in Axes
  2519 | D:4      | Noticed Blork the orc
  2524 | D:4      | Killed Blork the orc
  2624 | D:4      | Noticed Sigmund
  2656 | D:4      | Killed Sigmund
  2656 | D:4      | Reached skill level 10 in Axes
  2877 | D:3      | Found an opulent altar of Gozag.
  2908 | D:3      | Became a worshipper of Yredelemnul the Dark
  2938 | D:4      | Reached XP level 8. HP: 71/71 MP: 8/8
  3177 | D:5      | Entered Level 5 of the Dungeon
  3344 | D:5      | Found a stormy altar of Qazlal.
  3506 | D:5      | Gained mutation: Your magical capacity is low. (-10% MP) [mutagenic meat]
  3705 | D:5      | Noticed plsesad's ghost (novice KoNe)
  3713 | D:5      | Killed plsesad's ghost
  3713 | D:5      | Reached skill level 11 in Axes
  4022 | D:6      | Reached skill level 12 in Axes
  4049 | D:6      | Reached XP level 9. HP: 50/81 MP: 8/8
  4135 | D:6      | Found a shattered altar of Ashenzari.
  4211 | D:6      | Reached * piety under Yredelemnul
  4216 | D:6      | Reached skill level 13 in Axes
  4575 | D:7      | Noticed Pikel
  4594 | D:7      | Killed Pikel
  4644 | D:7      | Found a staircase to the Ecumenical Temple.
  4786 | D:7      | Reached skill level 14 in Axes
  4799 | D:7      | Reached ** piety under Yredelemnul
  4910 | D:7      | Got a translucent scale mail
  4921 | D:7      | Identified the +6 scale mail of Fortification {Int+2} (You found it on level 7 of the Dungeon)
  5334 | D:8      | Noticed Maurice
  5345 | D:8      | Killed Maurice
  5345 | D:8      | Reached XP level 10. HP: 91/93 MP: 9/9
  5414 | D:8      | Noticed Erica
  5423 | D:8      | Killed an unseen horror
  5423 | D:8      | Reached skill level 10 in Fighting
  5423 | D:8      | Reached skill level 15 in Axes
  5427 | D:8      | Killed Erica
  5653 | D:8      | Reached skill level 16 in Axes
  5674 | D:8      | Noticed a queen ant
  5705 | D:8      | Killed a queen ant
  5722 | D:8      | Reached XP level 11. HP: 51/102 MP: 9/9
  5737 | D:8      | Reached *** piety under Yredelemnul
  6214 | D:8      | Reached skill level 17 in Axes
  6244 | D:8      | Noticed Psyche
  6376 | D:8      | Noticed Eucla's ghost (novice OpGl)
  6376 | D:8      | Gained mutation: You are frail. (-10% HP) [potion of mutation]
  6376 | D:8      | Gained mutation: You have sharp toenails. [potion of mutation]
  6376 | D:8      | Lost mutation: You are frail. (-10% HP) [potion of mutation]
  6382 | D:8      | Killed Psyche
  6399 | D:8      | Killed Eucla's ghost
  6773 | D:8      | Found a shadowy altar of Dithmenos.
  7262 | D:9      | Received a gift from Yredelemnul (a mummy)
  7428 | D:9      | Reached skill level 18 in Axes
  7580 | D:9      | Noticed Grum
  7581 | D:9      | Noticed a six-headed hydra
  7608 | D:9      | Killed Grum
  7982 | D:9      | Killed a 13-headed hydra
  8071 | D:9      | Reached **** piety under Yredelemnul
  8073 | D:9      | Received a gift from Yredelemnul (3 flying skulls)
  8534 | D:9      | Found a staircase to the Orcish Mines.
  8893 | D:10     | Entered Level 10 of the Dungeon
  8902 | D:10     | Found Kasa's Armour Emporium.
  8908 | D:10     | Bought a +2 cloak of poison resistance for 296 gold pieces
  9037 | D:10     | Found Puixtyli's Book Shop.
  9088 | D:10     | Found Piampy's Magic Scroll Shoppe.
  9094 | D:10     | Bought a scroll of magic mapping for 52 gold pieces
  9094 | D:10     | Bought a scroll of noise for 15 gold pieces
  9094 | D:10     | Bought a scroll of identify for 30 gold pieces
  9094 | D:10     | Bought a scroll of identify for 30 gold pieces
  9094 | D:10     | Bought a scroll of identify for 30 gold pieces
  9175 | D:10     | Noticed a hill giant
  9178 | D:10     | Killed a hill giant
  9217 | D:10     | Killed an unseen horror
  9217 | D:10     | Reached XP level 12. HP: 84/113 MP: 10/10
  9217 | D:10     | Received a gift from Yredelemnul (a wight)
  9333 | D:10     | Found a staircase to the Lair.
  9347 | D:10     | Found Peduyc's Assorted Antiques.
  9352 | D:10     | Bought a jewelled glass wand for 88 gold pieces
  9364 | Lair:1   | Entered Level 1 of the Lair of Beasts
  9553 | Lair:1   | Reached skill level 19 in Axes
  9641 | Lair:1   | You fall through a shaft!
  9641 | Lair:2   | Noticed Sonja
  9657 | Lair:2   | Killed Sonja
 10097 | Lair:2   | Received a gift from Yredelemnul (a wight)
 10711 | Lair:3   | Found a staircase to the Shoals.
 10777 | Lair:3   | Found a hole to the Spider Nest.
 10821 | Lair:3   | Noticed a five-headed hydra
 10833 | Lair:3   | Killed a nine-headed hydra
 10886 | Lair:3   | Reached skill level 20 in Axes
 10956 | Lair:3   | Received a gift from Yredelemnul (a wraith)
 11419 | Lair:4   | Noticed a catoblepas
 11423 | Lair:4   | Noticed a four-headed hydra
 11453 | Lair:4   | Killed a catoblepas
 11464 | Lair:4   | Killed an eight-headed hydra
 11964 | Lair:4   | Noticed an eight-headed hydra
 11976 | Lair:4   | Killed a nine-headed hydra
 11984 | Lair:4   | Received a gift from Yredelemnul (a vampire)
 12038 | Lair:4   | Reached XP level 13. HP: 45/124 MP: 11/11
 12735 | Lair:5   | Reached skill level 21 in Axes
 12847 | Lair:5   | Received a gift from Yredelemnul (3 flying skulls)
 12947 | Lair:5   | Found a runed door.
 12947 | Lair:5   | Found a viscous altar of Jiyva.
 13384 | Lair:5   | Noticed an azure jelly
 13388 | Lair:5   | Found a staircase to the Slime Pits.
 13406 | Lair:5   | Noticed Snorg
 13417 | Lair:5   | Killed Snorg
 13480 | Lair:6   | Entered Level 6 of the Lair of Beasts
 14057 | Lair:6   | Received a gift from Yredelemnul (a vampire)
 14073 | Lair:6   | Reached skill level 15 in Fighting
 14231 | Lair:6   | Identified Xeoz's Catalogue of the Thoughtful Places
 14287 | Lair:6   | Reached skill level 22 in Axes
 14348 | Lair:6   | Received a gift from Yredelemnul (a vampire)
 14566 | Lair:6   | Noticed a dire elephant
 14580 | Lair:6   | Killed a dire elephant
 14927 | Lair:6   | Found a burning altar of Makhleb.
 14959 | Lair:6   | Reached XP level 14. HP: 36/135 MP: 12/12
 15012 | Lair:6   | Received a gift from Yredelemnul (2 flying skulls)
 15027 | Lair:6   | Found a gateway to Hell.
 15907 | D:10     | Bought a potion of mutation for 55 gold pieces
 15907 | D:10     | Bought 2 potions of heal wounds for 220 gold pieces
 15907 | D:10     | Gained mutation: You are agile. (Dex +2) [potion of mutation]
 15907 | D:10     | Lost mutation: Your magical capacity is low. (-10% MP) [potion of mutation]
 15907 | D:10     | Gained mutation: You are dopey. (Int -2) [potion of mutation]
 15932 | D:11     | Noticed Fannar
 15941 | D:11     | Killed Fannar
 15980 | D:11     | Noticed Gastronok
 15990 | D:11     | Killed Gastronok
 15990 | D:11     | Reached skill level 23 in Axes
 16760 | D:12     | Found a frozen archway.
 16771 | IceCv    | Entered an ice cave
 16784 | IceCv    | Received a gift from Yredelemnul (a phantasmal warrior)
 17024 | IceCv    | Received a gift from Yredelemnul (a wraith)
 17375 | IceCv    | Gained mutation: You evolve. [mutagenic meat]
 18051 | D:13     | Noticed Kirke
 18060 | D:13     | Killed Kirke
 18061 | D:13     | Received a gift from Yredelemnul (a flayed ghost)
 18240 | D:13     | Found a gate to the Vaults.
 18249 | D:13     | Reached skill level 24 in Axes
 18269 | D:13     | Noticed smazza's ghost (adept HaSk)
 18281 | D:13     | Killed smazza's ghost
 18432 | D:13     | Reached ***** piety under Yredelemnul
 18759 | D:13     | Reached XP level 15. HP: 145/146 MP: 15/15
 19324 | D:14     | Found Zoock's Magic Scroll Emporium.
 19328 | D:14     | Bought a scroll of recharging for 104 gold pieces
 19328 | D:14     | Bought a scroll of summoning for 104 gold pieces
 19328 | D:14     | Bought a scroll of enchant weapon for 82 gold pieces
 19328 | D:14     | Bought a scroll of teleportation for 33 gold pieces
 19328 | D:14     | Bought a scroll of enchant armour for 82 gold pieces
 19328 | D:14     | Bought a scroll of magic mapping for 38 gold pieces
 19328 | D:14     | Bought a scroll of silence for 82 gold pieces
 19458 | D:14     | HP: 2/147 [freezing wraith[a death knight] (7)]
 19620 | D:13     | Lost mutation: You are agile. (Dex +2) [evolution]
 20452 | D:14     | Mangled by a white ugly thing

Vault maps used:
D:1:      scummos_arrival_star, minmay_surrounded
D:2:      fedhas_altar_3, minmay_misc_feat_nine_boxes, uniq_iyjb
D:3:      nicolae_overflow_hidden_temple, first_bread
D:4:      uniq_sigmund, uniq_blork_the_orc
D:5:      lemuel_coloured_pillars_altar
D:6:      cheibrodos_ashenzari_chains
D:7:      uniq_pikel
D:8:      basic_altar, hangedman_pestilent_swarm, hangedman_decor_growths,
          zaba_antful_of_joy, uniq_erica, uniq_maurice, uniq_psyche
D:9:      kennysheep_six_static_rooms, david_orc_4, uniq_grum
D:10:     lair_0_dummy, serial_shops, kennysheep_little_box, shop, shop,
          nicolae_shop_behind_doors
D:11:     uniq_fannar, uniq_gastronok
D:12:     portal_ice_cave_rime
D:13:     erik_vaults_2, uniq_kirke
D:14:     serial_shops, nicolae_shop_behind_doors
Lair:1:   lemuel_fruit_tree, grunt_megastairs_1
Lair:2:   statuecave_lemuel, pond, uniq_sonja
Lair:3:   elwin_shoals_entry_stream, spider_nest_entry_web_field
Lair:4:   lemuel_fruit_fields, infiniplex_staircase_pool_2, grunt_megastairs_2
Lair:5:   slime_altar_2, uniq_snorg
Lair:6:   evil_forest, grunt_megastairs_5, serial_bayou_shore_a
IceCv:    ice_cave_statue_garden_chambered

Skill      XL: |  1  2  3  4  5  6  7  8  9 10 11 12 13 14 15 |
---------------+----------------------------------------------+-----
Fighting       | 3 4 5 6 8 9 11 12 14 15 16 17 | 17.2
Axes           | 5 6 7 8 10 12 14 16 18 20 22 24 | 24.9
Throwing       | |  1.7
Dodging        | |  2.4

Action                   |  1- 3 |  4- 6 |  7- 9 | 10-12 | 13-15 || total
-------------------------+-------+-------+-------+-------+-------++-------
Melee: War axe           |    62 |       |       |       |       ||    62
       Hand axe          |    13 |   112 |   277 |   565 |   414 ||  1381
       Kick              |       |       |       |    60 |       ||    60
       Executioner's axe |       |       |       |       |   168 ||   168
Invok: Animate Dead      |       |       |       |     9 |    24 ||    33
       Recall Undead Sla |       |       |       |     4 |     3 ||     7
       Injury Mirror     |       |       |       |     2 |     1 ||     3
 Abil: Evoke Berserk Rag |       |       |       |       |     4 ||     4
Evoke: Wand              |       |       |       |     2 |       ||     2
  Use: Potion            |       |     1 |       |     8 |     9 ||    18
       Scroll            |       |       |    13 |     6 |    27 ||    46
 Stab: Sleeping          |       |     1 |       |       |       ||     1
       Distracted        |       |       |       |     1 |    10 ||    11
       Petrified         |       |       |       |     4 |       ||     4
       Confused          |       |       |       |       |     1 ||     1
  Eat: Chunk             |       |     2 |     1 |     5 |     1 ||     9
       Beef jerky        |       |     1 |     2 |     6 |     1 ||    10
       Meat ration       |       |     1 |     1 |       |     1 ||     3
       Fruit             |       |       |       |     9 |    18 ||    27
       Pizza             |       |       |       |     1 |     1 ||     2
       Royal jelly       |       |       |       |       |    11 ||    11
Armor: Leather armour    |    38 |    29 |       |       |       ||    67
       Ring mail         |       |    14 |    85 |       |       ||    99
       Scale mail        |       |       |     7 |   267 |   234 ||   508
       Skin              |       |       |       |       |     3 ||     3
Dodge: Dodged            |    61 |    63 |   123 |   239 |   237 ||   723
